 Dungeon Crawl Stone Soup version 0.30-a0-672-gc3a7216ad8 (webtiles) character file.

Game seed: 5161206950025371204

210 Dittersdorf the Shield-Bearer (level 5, -4/34 HPs)
             Began as a Gargoyle Fighter on Jan 18, 2023.
             Slain by an iguana (10 damage)
             ... on level 3 of the Dungeon.
             The game lasted 00:03:30 (2041 turns).

Dittersdorf the Shield-Bearer (Gargoyle Fighter)    Turns: 2041, Time: 00:03:30

Health: -4/34      AC: 12    Str: 21    XL:     5   Next: 87%
Magic:  5/5        EV:  9    Int: 15    God:
Gold:   119        SH:  4    Dex:  9    Spells: 4/4 levels left

rFire   . . .      SeeInvis .    a - +0 flail
rCold   . . .      Faith    .    c - +0 buckler
rNeg    + . .      Spirit   .    b - +0 scale mail
rPois   ∞          Reflect  .    k - +0 helmet
rElec   +          Harm     .    (no cloak)
rCorr   .          Rampage  .    (no gloves)
Will    .....                    (no boots) Stlth
                                 (no amulet)
HPRegen 0.25/turn                f - +6 ring of intelligence
MPRegen 0.09/turn                (no ring)

@: no status effects
A: sickness immunity, AC +4, negative energy resistance 1, electricity
resistance, torment resistance 1, petrification resistance
a: no special abilities


You were on level 3 of the Dungeon.
You visited 1 branch of the dungeon, and saw 4 of its levels.

You collected 179 gold pieces.
You spent 60 gold pieces at shops.

Inventory:

Hand Weapons
 a - a +0 flail (weapon)
Missiles
 g - 5 poisoned darts (quivered)
Armour
 b - a +0 scale mail (worn)
 c - a +0 buckler (worn)
 k - a +0 helmet (worn)
Jewellery
 f - a +6 ring of intelligence (left hand)
Scrolls
 e - 2 scrolls of teleportation {unknown}
 l - a scroll of enchant weapon {unknown}
 n - 2 scrolls of identify {unknown}
 o - a scroll of amnesia {unknown}
 p - 3 scrolls of magic mapping {unknown}
 s - a scroll of fear {unknown}
Potions
 d - a potion of might
 h - 2 potions of mutation {unknown}
 i - a potion of lignification {unknown}
 j - 2 potions of heal wounds
 m - 3 potions of curing {unknown}
 q - a potion of brilliance {unknown}
 r - a potion of invisibility {unknown}
 t - a potion of flight {unknown}


   Skills:
 + Level 4.4 Fighting
 + Level 3.3 Maces & Flails
 + Level 4.4 Armour
 + Level 4.5 Shields


You had 4 spell levels left.
You didn't know any spells.
Your spell library contained the following spells:

 Spells                   Type           Power      Damage    Failure   Level
 Magic Dart               Conj           0%         1d3       67%         1
 Searing Ray              Conj           0%         2d4       80%         2
 Fulminant Prism          Conj/Hex       0%         3d5       100%        4


Dungeon Overview and Level Annotations

Branches:
Dungeon (4/15)
 Temple: D:4-7

Altars:

Shops:
D:1 *


Innate Abilities, Weirdness & Mutations

You are immune to sickness and miasma.
Your stone body is resilient. (AC +4)
You are immune to poison.
You resist negative energy. (rN+)
You are resistant to electric shocks. (rElec)
You are resistant to unholy torment.
You are immune to petrification.


Message History

No target in view!
No target in view!
No target in view!
No target in view!
You now have 119 gold pieces (gained 11).
Found an escape hatch in the floor.
An iguana comes into view.
The iguana hisses angrily.
You hear an angry hiss.
The iguana barely misses you.
There is an escape hatch in the ceiling here.
You barely miss the iguana. The iguana bites you!
You hit the iguana.
The iguana is lightly wounded.
The iguana closely misses you.
You barely miss the iguana.
The iguana is lightly wounded.
The iguana bites you. The iguana bites you!
You barely miss the iguana.
The iguana is lightly wounded.
The iguana bites you.
You hit the iguana.
The iguana is heavily wounded.
The iguana bites you!
* * * LOW HITPOINT WARNING * * *
You hit the iguana but do no damage.
The iguana is heavily wounded.
You hear an angry hiss.
You block the iguana's attack.
A ball python comes into view.
You hit the iguana.
The iguana is heavily wounded.
You block the iguana's attack. The iguana bites you.
* * * LOW HITPOINT WARNING * * *
You barely miss the iguana.
The iguana is heavily wounded.
The iguana closely misses you.
The iguana bites you but does no damage.
A mysterious force pulls you upwards. The hatch slams shut behind you.
The iguana attacks as you move away! The iguana bites you!
You die...

#.# #.###.#.####
#.......... #.#
#.....#....# ###.......#
#.# #..#######.#
#.#...#.# #.#
##....#....# #.#...#.#
#.# ####.#.#### #........
#.# #.#....#####........
#.# #....#..............
#.#
#########l..###.#.##.....
#.###).....)@..##
#.#.##.....
#.....##########
#.#.###.... #######
#.#.##....< #.#.##.##..
#.#.##.##.. #.#.##.##..
#.#.##.##.# #.#.##.##.#
#.#........


You could see an iguana.

Vanquished Creatures
  A scorpion (D:3)
  A gnoll (D:2)
  7 adders
  2 dart slugs (D:2)
  7 endoplasms
  3 giant cockroaches
  8 goblins
  9 hobgoblins
  11 jackals
  4 kobolds
  4 ball pythons
  10 bats
  A frilled lizard (D:1)
  2 rats
70 creatures vanquished.

Notes
Turn   | Place    | Note
-------+----------+-------------------------------------------
     0 | D:1      | Dittersdorf the Gargoyle Fighter began the quest for the
                  | Orb.
     0 | D:1      | Reached XP level 1. HP: 14/14 MP: 1/1
    79 | D:1      | Reached XP level 2. HP: 14/19 MP: 2/2
   248 | D:1      | You fall into a shaft and drop 1 floor!
   249 | D:2      | yay!
   288 | D:2      | Reached XP level 3. HP: 23/23 MP: 3/3
   380 | D:1      | Found Opaok's General Store.
   388 | D:1      | Bought a potion of heal wounds for 60 gold pieces
   731 | D:2      | Reached XP level 4. HP: 28/29 MP: 4/4
  1234 | D:2      | Reached XP level 5. HP: 26/33 MP: 5/5
  1684 | D:3      | Found a faded altar of an unknown god.
  2041 | D:3      | Slain by an iguana

Illustrated notes

# #.
####>.########.
.......@.......
....).....#####
.........##
.........#
.......(.#
###...##.. ..#.
#. .###. ##


Turn 249 on D:2: yay!

Levels and vault maps discovered:
D:1:      zelgadis_glass_arrival_small, layout_basic, serial_shops, shop
D:2:      layout_rooms, cheibrodos_gnoll_hut
D:3:      layout_loops_ring, hellmonk_ecumenical_altar_arch_garden
D:4:      layout_rooms, dreamdust_wishing_well

Skill      XL: |  1  2  3  4 |
---------------+-------------+-----
Shields        | 4 |  4.5
Armour         | 4 |  4.4
Fighting       | 4 |  4.4
Maces & Flails | 3 |  3.3

Action                   |  1- 3 |  4- 6 || total
-------------------------+-------+-------++-------
Melee: Flail             |   106 |   155 ||   261
Throw: Dart              |     1 |       ||     1
Armor: Scale mail        |    87 |    85 ||   172
Dodge: Dodged            |    65 |    93 ||   158
Block: Buckler           |    25 |    37 ||    62

Table legend: (Time is in decaauts)
 A = Elapsed time spent in this place.
 B = Non-inter-level travel time spent in this place.
 C = Inter-level travel time spent in this place.
 D = Time resting spent in this place.
 E = Time spent auto-exploring this place.
 F = Levels seen in this place.
 G = Mean time per level.
                   A        B        C        D        E       F      G
               +--------+--------+--------+--------+--------+-----+--------+
         Total |   2123 |   2015 |    108 |     10 |   1401 |   4 |  530.8 |
       Dungeon |   2123 |   2015 |    108 |     10 |   1401 |   4 |  530.8 |
               +--------+--------+--------+--------+--------+-----+--------+

Top non-repeatable levels by time:
     D:2: 716 daAuts
     D:3: 706 daAuts
     D:1: 673 daAuts
     D:4: 27 daAuts
